AoeStats
← Phil100k

Arena

506205146Analyzed
4v4 RM · 19d ago on Sep 12, 2026· 48m 44s· 8 players
Game mode
Random Map
Map size
Large (8 player)
Population
200
Speed
Normal
Resources
Standard
Victory
Conquest
Starting age
Dark Age
Ending age
Imperial Age
RankedLock teamsTeams togetherTeam positionsShared explorationLock speedFull tech treeHidden civsTurbo modeCheats
Victory
Defeat
🇫🇷 Britons · France
1082
+13
🇮🇪 Ethiopians · Ireland
1047
+14
🇨🇳 Lithuanians · China
1033
+15
🇩🇪 Teutons · Germany
1016
+15
🇨🇳 Portuguese · China
1047
-16
🇲🇽 Celts · Mexico
1044
-16
🇺🇸 Romans · United States
972
-13
🇦🇷 Khmer · Argentina
949
-12
Cashflow21
9:24 Loom
11:10 Feudal Age
16:01 Castle Age
14:19 Double-Bit Axe
14:32 Horse Collar
17:23 Bow Saw
20:54 Heavy Plow
24:08 Bloodlines
25:27 Scale Barding Armor
28:21 Ironclad
30:37 Imperial Age
29:29 Gold Mining
29:30 Stone Mining
31:41 Stone Shaft Mining
30:40 Cavalier
30:52 Capped Ram
32:19 Chain Barding Armor
32:58 Wheelbarrow
33:12 Paladin
34:26 Town Watch
35:26 Conscription
36:33 Chemistry
35:54 Ballistics
38:24 Elite Teutonic Knight
45:07 Onager
CharlesKap
10:48 Feudal Age
13:05 Wheelbarrow
15:44 Castle Age
14:26 Double-Bit Axe
14:57 Horse Collar
15:47 Gold Mining
20:51 Fletching
21:27 Loom
22:30 Bodkin Arrow
24:22 Crossbowman
26:25 Gold Shaft Mining
26:11 Heavy Plow
28:43 Padded Archer Armor
29:35 Hand Cart
30:14 Leather Archer Armor
31:06 Bow Saw
36:10 Imperial Age
34:23 Masonry
33:54 Treadmill Crane
35:30 Ballistics
35:36 Fortified Wall
35:21 Murder Holes
38:15 Chemistry
36:45 Arbalester
38:37 Two-Man Saw
39:09 Conscription
38:53 Bracer
39:48 Ring Archer Armor
39:25 Siege Engineers
39:50 Architecture
41:08 Scale Barding Armor
41:14 Forging
41:33 Warwolf
41:55 Yeomen
42:21 Chain Barding Armor
42:37 Iron Casting
43:46 Hoardings
43:15 Onager
45:01 Plate Barding Armor
45:29 Blast Furnace
44:51 Light Cavalry
45:57 Elite Longbowman
46:47 Husbandry
46:45 Stone Mining
Phil100k
7:25 Loom
10:21 Feudal Age
15:56 Castle Age
13:47 Double-Bit Axe
13:44 Horse Collar
14:36 Gold Mining
15:58 Forging
17:07 Bow Saw
17:18 Heavy Plow
17:55 Light Cavalry
21:34 Fervor
26:17 Stone Mining
28:24 Wheelbarrow
33:43 Imperial Age
31:59 Scale Barding Armor
32:31 Iron Casting
32:08 Fortified Wall
32:19 Ballistics
31:41 Treadmill Crane
32:32 Hand Cart
32:49 Bloodlines
32:39 Husbandry
34:21 Chain Barding Armor
35:06 Cavalier
38:10 Chemistry
38:03 Caravan
41:51 Winged Hussar
41:52 Paladin
44:05 Plate Barding Armor
43:50 Elite Leitis
44:52 Conscription
48:31 Fletching
48:42 Padded Archer Armor
48:55 Masonry
q721372930
12:05 Feudal Age
17:41 Castle Age
15:27 Loom
15:28 Double-Bit Axe
15:55 Stone Mining
18:50 Fletching
24:26 Wheelbarrow
24:38 Horse Collar
26:13 Bow Saw
26:16 Heavy Plow
29:06 Gold Mining
31:01 Gold Shaft Mining
32:00 Hand Cart
34:28 Imperial Age
33:32 Fortified Wall
33:43 Ballistics
34:53 Scale Mail Armor
35:04 Forging
34:57 Squires
34:43 Arson
35:54 Torsion Engines
36:15 Conscription
36:12 Chain Mail Armor
35:20 Halberdier
39:22 Chemistry
38:32 Masonry
39:56 Two-Man Saw
39:59 Siege Engineers
39:35 Heavy Scorpion
Machetekills135
0:29 Loom
11:23 Feudal Age
17:26 Castle Age
15:54 Double-Bit Axe
16:05 Gold Mining
16:55 Horse Collar
17:53 Man-at-Arms
33:24 Heavy Plow
35:10 Fletching
37:49 Wheelbarrow
41:58 Imperial Age
41:11 Elite Skirmisher
41:55 Padded Archer Armor
41:50 Bodkin Arrow
42:53 Leather Archer Armor
42:19 Onager
44:28 Chemistry
43:19 Heated Shot
44:58 Ballistics
shifty3737
2:09 Loom
10:55 Feudal Age
12:23 Wheelbarrow
11:45 Double-Bit Axe
11:43 Horse Collar
13:53 Loom
16:51 Castle Age
18:12 Bow Saw
18:06 Heavy Plow
18:00 Gold Mining
24:16 Hand Cart
23:42 Man-at-Arms
23:43 Pikeman
23:47 Man-at-Arms
27:07 Squires
26:29 Long Swordsman
34:07 Imperial Age
32:56 Ballistics
32:55 Forging
32:45 Scale Mail Armor
36:00 Siege Engineers
35:25 Heavy Scorpion
35:44 Capped Ram
35:47 Legionary
35:48 Halberdier
37:05 Iron Casting
36:46 Chain Mail Armor
36:42 Ballistas
38:03 Siege Ram
40:20 Chemistry
47:54 Conscription
Joaquito
0:27 Loom
11:28 Feudal Age
16:56 Castle Age
15:43 Double-Bit Axe
15:40 Horse Collar
30:45 Imperial Age
28:04 Town Watch
28:55 Wheelbarrow
30:01 Town Patrol
30:16 Hand Cart
30:34 Pikeman
32:49 Light Cavalry
33:40 Bloodlines
32:52 Halberdier
33:47 Murder Holes
34:53 Chemistry
34:57 Caravan
37:07 Heavy Scorpion
42:46 Bow Saw
42:38 Heavy Plow
43:43 Fletching
43:53 Padded Archer Armor
44:03 Forging
43:53 Scale Mail Armor
43:59 Scale Barding Armor
47:01 Crop Rotation
46:43 Masonry
46:39 Siege Engineers
46:25 Heated Shot
46:55 Ballistics
46:33 Bodkin Arrow
46:53 Leather Archer Armor
47:13 Iron Casting
46:53 Chain Mail Armor
46:58 Chain Barding Armor
46:24 Capped Ram
Rex Incognito
12:00 Feudal Age
14:03 Double-Bit Axe
16:37 Castle Age
14:49 Horse Collar
15:46 Gold Mining
15:48 Stone Mining
16:41 Loom
17:31 Wheelbarrow
17:27 Heavy Plow
17:40 Bow Saw
Connection lost

Rejoining the realm…

Still unreachable

The connection could not be restored.

Session expired

The server has moved on; the page needs a fresh start.